 Dungeon Crawl Stone Soup version 0.31-a0-188-g5e087ee2ca (webtiles) character file.

Game seed: 14468946322536141068

48 qw the Shooter (level 3, -1/20 HPs)
             Began as a Deep Elf Hunter on June 23, 2023.
             Slain by Sigmund
             ... wielding a +0 scythe
              (3 damage)
             ... on level 2 of the Dungeon.
             The game lasted 00:00:24 (699 turns).

qw the Shooter (Deep Elf Hunter)                     Turns: 699, Time: 00:00:25

Health: -1/20      AC:  6    Str: 10    XL:     3   Next: 50%
Magic:  5/5        EV:  9    Int: 13    God:
Gold:   38         SH:  0    Dex: 18    Spells: 2/2 levels left

rFire   . . .        Y - +0 shortbow
rCold   . . .        (shield currently unavailable)
rNeg    . . .        h - +0 scale mail
rPois   .            (no helmet)
rElec   .            (no cloak)
rCorr   .            (no gloves)
SInv    .            (no boots)
Will    .....        (no amulet)
Stlth   +            (no ring)
HPRegen 0.23/turn    (no ring)
MPRegen 0.09/turn

%: no passive effects
@: no status effects
A: no striking features
a: no special abilities


You were on level 2 of the Dungeon.
You visited 1 branch of the dungeon, and saw 2 of its levels.

You collected 38 gold pieces.


   Skills:
 - Level 1.5 Fighting
 + Level 7.0 Ranged Weapons
 - Level 2.4 Dodging
 - Level 1.2 Stealth


You had 2 spell levels left.
You didn't know any spells.
Your spell library was empty.

Inventory:

Hand Weapons
 Y - a +0 shortbow (weapon)
Armour
 h - a +0 scale mail (worn)
Jewellery
 a - a +4 ring of protection
Scrolls
 b - a scroll of identify
Potions
 e - a potion of heal wounds {unknown}

Dungeon Overview and Level Annotations

Branches:
Dungeon (2/15)

Altars:
Yredelemnul

Annotations:
D:2 Sigmund


Message History

Sigmund shouts!
Enter note: You shoot an arrow.
The arrow hits Sigmund!
Sigmund is moderately wounded.
You shoot an arrow. The arrow hits Sigmund.
Sigmund is heavily wounded.
You shoot an arrow. The arrow hits Sigmund!
Sigmund is severely wounded.
A ball python comes into view.
Sigmund casts a spell at you.
You are confused.
Sigmund hits you from afar with a +0 scythe.
Sigmund barely misses you.
Sigmund hits you from afar with a +0 scythe!
The ball python bites you but does no damage.
The ball python completely misses you.
You feel less confused. The ball python barely misses you. x2
Sigmund hits you from afar with a +0 scythe.
You shoot an arrow.
The arrow barely misses the ball python.
The arrow hits Sigmund but does no damage.
Sigmund is severely wounded.
The ball python barely misses you. The ball python grabs you.
The ball python constricts you.
Sigmund casts a spell.
Sigmund flickers and vanishes!
Deactivating autopickup; reactivate with Ctrl-A.
The ball python barely misses you. The ball python constricts you.
You shoot an arrow. The arrow hits the ball python.
You kill the ball python!
You hear some strange, mumbled words.
A puff of flame appears from out of thin air!
The puff of flame hits you. Something hits you but does no damage.
You shoot an arrow. You shoot an arrow. Something hits you but does no damage.
You shoot an arrow. Something hits you.
You die...

........( .......#
......# .....# ....# .{.
#$# #@# ########## #.#
##.....#.... #.#
##............ #.#
#.............
#.###.............
#.................
........##......_.......
.....##.................
.... ####..............


There were no monsters in sight!

Vanquished Creatures
  An adder (D:2)
  A dart slug (D:1)
  3 endoplasms (D:1)
  2 goblins
  4 hobgoblins (D:1)
  2 jackals (D:1)
  3 kobolds (D:1)
  2 quokkas (D:1)
  8 ball pythons
  A bat (D:1)
  2 frilled lizards (D:1)
  5 rats (D:1)
34 creatures vanquished.

Notes
Turn   | Place    | Note
-------+----------+-------------------------------------------
     0 | D:1      | qw the Deep Elf Hunter began the quest for the Orb.
     0 | D:1      | Reached XP level 1. HP: 12/12 MP: 3/3
     0 | D:1      | 0 ||| qw: Version: 0.3-a-9-g12657ce
     0 | D:1      | 0 ||| qw: Game counter: 3971
     0 | D:1      | 0 ||| qw: Always use a shield: true
     0 | D:1      | 0 ||| qw: God list: Okawaru
     0 | D:1      | 0 ||| qw: Allow faded altars: false
     0 | D:1      | 0 ||| qw: Do Orc after D:15 true
     0 | D:1      | 0 ||| qw: Do second Lair branch before Depths: true
     0 | D:1      | 0 ||| qw: Lair rune preference: random
     0 | D:1      | 0 ||| qw: Plans: Normal
     0 | D:1      | 0 ||| PLANNING D:1-11
    84 | D:1      | Reached skill level 6 in Ranged Weapons
    84 | D:1      | Reached XP level 2. HP: 16/16 MP: 4/4
   283 | D:1      | Reached XP level 3. HP: 20/20 MP: 5/5
   379 | D:1      | 379 ||| FLEEEEING.
   380 | D:1      | 380 ||| FLEEEEING.
   381 | D:1      | 381 ||| FLEEEEING.
   382 | D:1      | 382 ||| FLEEEEING.
   612 | D:1      | 612 ||| UPGRADING to +0 scale mail.
   622 | D:1      | 622 ||| DROPPING +0 leather armour.
   623 | D:1      | 623 ||| READING scroll labelled IGOIDI UNOS.
   627 | D:1      | 627 ||| READING scroll labelled PONWOF XEDGH.
   628 | D:1      | 628 ||| READING scroll labelled SUSUQ LOECKOI.
   629 | D:1      | 629 ||| DROPPING scroll of butterflies.
   653 | D:2      | Reached skill level 7 in Ranged Weapons
   657 | D:2      | Found a basalt altar of Yredelemnul.
   684 | D:2      | Noticed Sigmund
   696 | D:2      | HP: 2/20 [something/puff of flame (5)]
   699 | D:2      | Slain by Sigmund

Levels and vault maps discovered:
D:1:      wander_arrival_estate, layout_loops_cross
D:2:      layout_rooms, dreamdust_ecumenical_altar_drowned_temple, basic_altar,
          serial_bayou_lagoon_a, uniq_sigmund

Skill      XL: |  1  2  3 |
---------------+----------+-----
Ranged Weapons | 6 7 |  7.0
Fighting       | |  1.5
Dodging        | |  2.4
Stealth        | |  1.2

Action                     || total
---------------------------++-------
   Fire: Shortbow          ||   100
    Use: Scroll            ||     3
 Armour: Leather armour    ||     6
         Scale mail        ||     5
  Dodge: Dodged            ||    38

Table legend:
 A = Non-vault XP
 B = Vault XP
 C = Vault XP percentage of total XP
 D = Non-vault monster count
 E = Vault monster count
 F = Vault count percentage of total count
                 A         B        C        D         E       F
            +---------+---------+-------+---------+---------+-------
      Total |      69 |       0 |   0.0 |      34 |       0 |   0.0
            +---------+---------+-------+---------+---------+-------
        D:1 |      53 |       0 |   0.0 |      31 |       0 |   0.0
        D:2 |      16 |       0 |   0.0 |       3 |       0 |   0.0
            +---------+---------+-------+---------+---------+-------
